 Dungeon Crawl Stone Soup version 0.30-a0-629-gd54f4be4f7 (webtiles) character file.

Game seed: 4410882152697362405

3 kae the Insei (level 1, 0/22 HPs)
             Began as a Demonspawn Transmuter on Jan 12, 2023.
             Slain by a goblin
             ... wielding a +2 dagger of speed
              (2 damage)
             ... on level 1 of the Dungeon.
             The game lasted 00:00:10 (138 turns).

kae the Insei (Demonspawn Transmuter)                Turns: 138, Time: 00:00:11

Health: 0/22       AC: 20    Str: 10    XL:     1   Next: 41%
Magic:  2/3        EV:  2    Int: 14    God:
Gold:   0          SH:  0    Dex: 13    Spells: 3/4 levels left

rFire   . . .      SeeInvis .      - Unarmed
rCold   . . .      Faith    .    (no shield)
rNeg    . . .      Spirit   .    (body armour currently unavailable)
rPois   +          Reflect  .    (helmet currently unavailable)
rElec   .          Harm     .    (cloak currently unavailable)
rCorr   .          Rampage  .    (gloves currently unavailable)
Will    .....      NoTele   +    (boots currently unavailable)
Stlth   +                        (no amulet)
HPRegen 0.23/turn                (no ring)
MPRegen 0.08/turn                (no ring)

@: tree-form
A: stationary, stasis, torment immunity, boosted hp
a: no special abilities


You were on level 1 of the Dungeon.
You were a tree.
You visited 1 branch of the dungeon, and saw 1 of its levels.


   Skills:
 - Level 1.0 Fighting
 - Level 1.7 Dodging
 + Level 2.7 Unarmed Combat
 + Level 2.0 Spellcasting
 * Level 1.9 Transmutations


You had 3 spell levels left.
You knew the following spells:

 Your Spells              Type           Power      Damage    Failure   Level
a - Beastly Appendage     Tmut           12%        N/A       11%         1

Your spell library contained the following spells:

 Spells                   Type           Power      Damage    Failure   Level
 Wereblood                Tmut           6%         N/A       16%         2
 Spider Form              Tmut/Pois      4%         N/A       43%         3
 Ice Form                 Ice/Tmut       4%         N/A       83%         4

Inventory:

Missiles
 d - 7 stones
Armour
 a - a +0 robe (melded)
Scrolls
 c - a scroll of teleportation {unknown}
 e - a scroll of blinking {unknown}

Dungeon Overview and Level Annotations

Branches:
Dungeon (1/15) Zot: 5861

Altars:

.# .# ..## ..## ...##
#.######K..#
.....rg♣...#
########...# #####
#########..#####...#
.......).......'...#
################...#
.############....###'##
#................###.#
.#####.†........'..>#
####...#####'#....###'#


You could see a goblin, a kobold and a rat.


Message History

A kobold comes into view. It is wielding a +0 dagger.
You see here a scroll labelled VICUNAZEON.
A kobold is nearby!
A kobold is nearby!
Casting: Beastly Appendage (safe; 11% risk of failure)
Confirm with . or Enter, or press ? or * to list all spells.
You grow a pair of large bovine horns.
Your feet morph into talons. 😎 MP[-1]
You lost 1 mp, and now have 2/3 mp.
The kobold hits you with a +0 dagger.
You hit the kobold.
You headbutt the kobold, but do no damage.
The kobold hits you with a +0 dagger. 😮 HP[-6]
You take 6 damage, and now have 9/15 hp.
MASSIVE DAMAGE!! (PAUSE)
You barely miss the kobold. Your kick misses the kobold.
The kobold barely misses you. 😮 HP[+1]
You closely miss the kobold. You claw the kobold.
You kill the kobold!
You see here a +0 dagger.
Unknown command.
You start resting.
Your transformation is almost over. 😮 HP[+1] MP[+1]
Your mp is fully restored (3).
e - a scroll labelled VICUNAZEON Your horns disappear.
Your talons disappear. 😕 HP[+2]
You regained 2 hp, and now have 13/15 hp.
Unknown command.
A goblin comes into view. It is wielding a +2 dagger of speed.
The goblin shouts!
You hear a shout! 😎 HP[+2]
Your hp is fully restored (15).
Unknown command.
A goblin is nearby!
A goblin is nearby!
A goblin is nearby!
You barely miss the goblin.
A rat comes into view.
The goblin hits you with a +2 dagger of speed. 😕 HP[-2]
You take 2 damage, and now have 13/15 hp.
Casting: Beastly Appendage (safe; 11% risk of failure)
Confirm with . or Enter, or press ? or * to list all spells.
You grow a pair of large bovine horns.
Your feet morph into talons.
The goblin hits you with a +2 dagger of speed.
The goblin barely misses you.
The goblin hits you with a +2 dagger of speed. 😮 HP[-3] MP[-1]
You take 3 damage, and now have 10/15 hp.
You lost 1 mp, and now have 2/3 mp.
You are too injured to fight recklessly!
You are too injured to fight recklessly!
There are monsters nearby!
You are too injured to fight recklessly!
You are too injured to fight recklessly!
There are monsters nearby!
Unknown command.
You are too injured to fight recklessly!
You are too injured to fight recklessly!
There are monsters nearby!
You are too injured to fight recklessly!
You are too injured to fight recklessly!
You miss the goblin. Your kick misses the goblin.
Your headbutt misses the goblin.
The goblin hits you with a +2 dagger of speed. x2
* * * LOW HITPOINT WARNING * * *
😨 HP[-3]
You take 3 damage, and now have 7/15 hp.
Unknown command.
You barely miss the goblin.
The goblin hits you with a +2 dagger of speed.
* * * LOW HITPOINT WARNING * * *
The rat twitches its whiskers. 😱 HP[-5]
You take 5 damage, and now have 2/15 hp.
MASSIVE DAMAGE!! (PAUSE)
You hit the goblin but do no damage. Your kick misses the goblin.
Your headbutt misses the goblin. The goblin completely misses you.
The goblin misses you.
Unknown command.
You closely miss the goblin. Your headbutt misses the goblin.
The goblin hits you with a +2 dagger of speed.
* * * LOW HITPOINT WARNING * * *
A kobold comes into view. It is wielding a +0 dagger.
The kobold shouts! 😱 HP[-1]
You take 1 damage, and now have 1/15 hp.
Really quaff
b - a potion of lignification {!q}?
Really quaff the potion of lignification?
Your horns disappear.
Your talons disappear.
You turn into a tree.
Your +0 robe melds into your body.
Your roots penetrate the ground.
You hear an angry hiss.
The goblin hits you but does no damage. The kobold hits you but does no damage.
The goblin hits you with a +2 dagger of speed.
You die...

Action                   || total
-------------------------++-------
Melee: Unarmed           ||    13
       Kick              ||     2
       Headbutt          ||     2
       Punch             ||     1
 Cast: Beastly Appendage ||     3
  Use: Potion            ||     1
Armor: Skin              ||     2
Dodge: Dodged            ||     7

Levels and vault maps discovered:
D:1:      beargit_arrival_diablo_church, layout_basic, dreamdust_wishing_well,
          minmay_cut_off

Notes
Turn   | Place    | Note
-------+----------+-------------------------------------------
     0 | D:1      | kae the Demonspawn Transmuter began the quest for the Orb.
     0 | D:1      | Reached XP level 1. HP: 15/15 MP: 3/3
     0 | D:1      | magus.rc [v1.11.3]
   135 | D:1      | HP: 2/15 [goblin/+2 dagger of speed (5)]
   138 | D:1      | Slain by a goblin

Vanquished Creatures
  A hobgoblin (D:1)
  A quokka (D:1)
  A kobold (D:1)
3 creatures vanquished.

Table legend:
 A = Non-vault XP
 B = Vault XP
 C = Vault XP percentage of total XP
 D = Non-vault monster count
 E = Vault monster count
 F = Vault count percentage of total count
                 A         B        C        D         E       F
            +---------+---------+-------+---------+---------+-------
      Total |       5 |       0 |   0.0 |       3 |       0 |   0.0
            +---------+---------+-------+---------+---------+-------
        D:1 |       5 |       0 |   0.0 |       3 |       0 |   0.0
            +---------+---------+-------+---------+---------+-------

Illustrated notes

Table legend:
 A = Kills in this place as a percentage of kills in entire the game.
 B = Kills by you in this place as a percentage of kills by you in the entire game.
 C = Kills by friends in this place as a percentage of kills by friends in the entire game.
 D = Other kills in this place as a percentage of other kills in the entire game.
 E = Experience gained in this place as a percentage of experience gained in the entire game.
 F = Experience gained in this place divided by the number of levels of this place that you have seen.
                   A       B       C       D       E      F
               +-------+-------+-------+-------+-------+----------------------
         Total | 100.0 | 100.0 |   N/A |   N/A | 100.0 |   5.0
       Dungeon | 100.0 | 100.0 |   N/A |   N/A | 100.0 |   5.0
               +-------+-------+-------+-------+-------+----------------------

Table legend: (Time is in decaauts)
 A = Elapsed time spent in this place.
 B = Non-inter-level travel time spent in this place.
 C = Inter-level travel time spent in this place.
 D = Time resting spent in this place.
 E = Time spent auto-exploring this place.
 F = Levels seen in this place.
 G = Mean time per level.
                   A        B        C        D        E       F      G
               +--------+--------+--------+--------+--------+-----+--------+
         Total |    137 |    137 |      0 |      6 |     97 |   1 |  137.0 |
       Dungeon |    137 |    137 |      0 |      6 |     97 |   1 |  137.0 |
               +--------+--------+--------+--------+--------+-----+--------+

Top non-repeatable levels by time:
     D:1: 137 daAuts
